 Dungeon Crawl Stone Soup version 0.31.0-10-gcf4a605ca0 (webtiles) character file.

Game seed: 13920004359890967220

7092 Yorion the Covert (level 10, -1/75 (76) HPs)
             Began as a Vampire Enchanter on Jan 25, 2024.
             Was an Initiate of Ru.
             Slain by a manticore (7 damage)
             ... on level 11 of the Dungeon.
             The game lasted 00:20:45 (11397 turns).

Yorion the Covert (Vampire Enchanter)              Turns: 11397, Time: 00:20:46

HP:   -1/75 (76)    AC:  5    Str:  7    XL:     10   Next: 84%
MP:   11/19         EV: 16    Int: 20    God:    Ru [......]
Gold: 331           SH:  0    Dex: 17    Spells: 16/21 levels left

rFire   . . .        u - +1 rapier (speed)
rCold   . . .        (no shield)
rNeg    . . .        b - +0 robe
rPois   +            (no helmet)
rElec   .            d - +2 cloak {Will+}
rCorr   .            (no gloves)
SInv    +            (no boots)
Will    ++...        (no amulet)
Stlth   +++++        t - ring of poison resistance
HPRegen 0.52/turn    (no ring)
MPRegen 0.16/turn

%: no passive effects
@: very slightly contaminated, healing quickly, lightly drained
A: alive, fangs 3, see invisible, vampiric 2
a: Exsanguinate, Renounce Religion


You were on level 11 of the Dungeon.
You worshipped Ru.
Ru was noncommittal.
You visited 2 branches of the dungeon, and saw 12 of its levels.

You collected 651 gold pieces.
You spent 320 gold pieces at shops.

Inventory:

Hand Weapons
 a - a +1 dagger
 g - a +1 dagger of protection
 u - a +1 rapier of speed (weapon)
 C - a +0 rapier
Missiles
 o - 4 curare-tipped darts
 s - a throwing net
Armour
 b - a +0 robe (worn)
 d - a +2 cloak of willpower (worn)
Jewellery
 n - a ring of fire
 t - a ring of poison resistance (left hand)
 y - a +4 ring of slaying
Talismans
 e - a granite talisman
Wands
 i - a wand of roots (33)
 m - a wand of charming (8)
 D - a wand of flame (23)
 J - a wand of mindburst (7)
Scrolls
 h - 2 scrolls of fog {@r2}
 k - 3 scrolls of blinking {@r4}
 r - 2 scrolls of teleportation {@r3}
 v - 2 scrolls of immolation
 w - 2 scrolls of enchant weapon
 B - a scroll of vulnerability {!r}
 F - 2 scrolls of poison
 H - 2 scrolls of enchant armour
 I - 2 scrolls of identify {@r1}
Potions
 c - a potion of invisibility
 f - 6 potions of heal wounds {@q1}
 j - 3 potions of curing {@q2}
 l - 3 potions of lignification
 p - 3 potions of mutation
 q - 2 potions of might {@q3}
 x - 5 potions of brilliance
 z - a potion of haste {@q5}
 A - 2 potions of degeneration
 E - 2 potions of resistance {unknown}
 G - 2 potions of cancellation {unknown}


   Skills:
 - Level 6.0 Fighting
 + Level 8.8 Short Blades
 - Level 8.0 Dodging
 + Level 13.0 Stealth
 - Level 6.0 Spellcasting
 - Level 8.0 Hexes


You had 16 spell levels left.
You knew the following spells:

 Your Spells              Type           Power      Damage    Failure   Level
c - Confusing Touch       Hex            38%        N/A       1%          3
e - Ensorcelled Hibernat  Hex/Ice        44%        N/A       3%          2

Your spell library contained the following spells:

 Spells                   Type           Power      Damage    Failure   Level
 Tukima's Dance           Hex            38%        N/A       1%          3
 Dazzling Flash           Conj/Hex       44%        N/A       6%          3
 Sandblast                Erth           12%        2d6       11%         1
 Shock                    Conj/Air       24%        1d4       11%         1
 Cigotuvi's Dreadful Rot  Necr/Alch/Air  12%        N/A       16%         2
 Lesser Beckoning         Tloc           12%        N/A       16%         2
 Mercury Vapours          Alch/Air       12%        N/A       16%         2
 Gell's Gravitas          Tloc           6%         N/A       30%         3
 Mephitic Cloud           Conj/Alch/Air  6%         N/A       30%         3
 Passwall                 Erth           6%         N/A       30%         3
 Stone Arrow              Conj/Erth      12%        3d7       30%         3
 Swiftness                Air            6%         N/A       30%         3
 Teleport Other           Tloc           6%         N/A       30%         3
 Volatile Blastmotes      Fire/Tloc      12%        2d11      30%         3
 Summon Mana Viper        Hex/Summ       22%        N/A       50%         5
 Airstrike                Air            3%         2d(1-17)  71%         4
 Brom's Barrelling Bould  Conj/Erth      6%         2d3       71%         4
 Fulminant Prism          Conj/Alch      3%         3d5       71%         4
 Ignite Poison            Fire/Alch      6%         N/A       71%         4
 Iskenderun's Mystic Bla  Conj/Tloc      6%         2d4       71%         4
 Freezing Cloud           Conj/Ice/Air   3%         6-21      96%         5
 Summon Forest            Summ/Tloc      3%         N/A       96%         5
 Summon Cactus Giant      Summ           3%         N/A       100%        6


Dungeon Overview and Level Annotations

Branches:
Dungeon (11/15)            Temple (1/1) D:7             Orc (0/2) D:9
   Lair: D:8-11

Altars:
Ashenzari
Cheibriados
Dithmenos
Fedhas
Gozag
Hepliaklqana
Kikubaaqudgha
Makhleb
Nemelex Xobeh
Okawaru
Qazlal
Ru
Sif Muna
Trog
Uskayaw
Vehumet
Wu Jian
Xom
Yredelemnul

Shops:
D:5 *   D:6 !   D:7 *

Annotations:
D:9 3 runed translucent doors, Skimidon's ghost, novice VSFi


Innate Abilities, Weirdness & Mutations

Your natural rate of healing is accelerated.
You have razor-sharp teeth.
You have supernaturally acute eyesight. (SInv)
You are afflicted with vampirism and can become a bat while bloodless.


Message History

A manticore is nearby!
A manticore is nearby!
The manticore bites you but does no damage.
The manticore claws you. The manticore claws you!
You hit the manticore but do no damage.
The manticore bites you but does no damage.
The manticore completely misses you. The manticore closely misses you.
The manticore easily resists.
The manticore bites you! The manticore claws you. The manticore misses you.
Unknown command.
You are too injured to fight recklessly!
Unknown command.
You are too injured to fight recklessly!
Casting: Ensorcelled Hibernation (safe; 3% risk of failure)
Confirm with . or Enter, or press ? or * to list all spells.
Aiming: Ensorcelled Hibernation (safe; 3% risk of failure)
Press: ? - help, Shift-Dir - straight line, f/p - manticore
Aim: a manticore (chance to affect: 37%)
The manticore easily resists.
The manticore bites you! The manticore claws you!
The manticore barely misses you.
Casting: Ensorcelled Hibernation (safe; 3% risk of failure)
Confirm with . or Enter, or press ? or * to list all spells.
Aiming: Ensorcelled Hibernation (safe; 3% risk of failure)
Press: ? - help, Shift-Dir - straight line, f/p - manticore
Aim: a manticore (chance to affect: 37%)
The manticore easily resists.
The manticore bites you!!
* * * LOW HITPOINT WARNING * * *
The manticore misses you. The manticore claws you!
* * * LOW HITPOINT WARNING * * *
Unknown command.
Casting: Ensorcelled Hibernation (safe; 3% risk of failure)
Confirm with . or Enter, or press ? or * to list all spells.
Aiming: Ensorcelled Hibernation (safe; 3% risk of failure)
Press: ? - help, Shift-Dir - straight line, f/p - manticore
Aim: a manticore (chance to affect: 37%)
You miscast Ensorcelled Hibernation.
You are very lightly contaminated with residual magic.
Nothing appears to happen.
The manticore closely misses you. The manticore claws you!
You die...

## # #. ####### #.
#######...... #.
............# #.
######.###.#
#H###########.#...#
#.@...........#.###
###############.# #
#.# # #.# # #.# #
#.# # #.# # #.# #
#.# #


You could see a manticore.

Vanquished Creatures
  Pikel (D:6)
  Maurice (D:7)
  A troll (D:9)
  A wraith (D:10)
  2 wyverns
  Eustachio (D:4)
  2 wargs (D:9)
  6 yaks
  3 steam dragons
  An acid dragon (D:8)
  A water moccasin (D:6)
  A black bear (D:3)
  A sky beast (D:7)
  5 orc warriors
  3 ogres
  2 centaurs
  A lemure (D:7)
  5 kobold brigands
  3 bullfrogs
  A gnoll sergeant (D:8)
  2 scorpions
  6 wights
  4 killer bees (D:9)
  3 howler monkeys
  A bombardier beetle (D:3)
  5 hounds
  4 jellies
  A gnoll bouda (D:7)
  Crazy Yiuf (D:3)
  6 iguanas
  6 orc priests
  4 orc wizards
  A sleepcap (D:6)
  Natasha (D:3)
  6 adders
  6 gnolls
  A white imp (D:5)
  A dart slug (D:3)
  5 ribbon worms
  25 orcs
  6 ball pythons
  11 endoplasms
  6 giant cockroaches
  3 goblins
  6 hobgoblins
  3 jackals (D:2)
  5 quokkas
  4 bats (D:1)
  3 frilled lizards (D:1)
  24 kobolds
  8 rats
210 creatures vanquished.

Vanquished Creatures (collateral kills)
  A yak (D:9)
  A lemure (D:7)
  A wight (D:7)
  An orc priest (D:5)
  A gnoll (D:8)
  3 orcs
8 creatures vanquished.

Vanquished Creatures (others)
  3 yaks (D:9)
  A lemure (D:6)
  A wight (D:6)
5 creatures vanquished.

Grand Total: 223 creatures vanquished

Notes
Turn   | Place    | Note
-------+----------+-------------------------------------------
     0 | D:1      | Yorion the Vampire Enchanter began the quest for the Orb.
     0 | D:1      | Reached XP level 1. HP: 13/13 MP: 3/3
   196 | D:1      | Reached XP level 2. HP: 5/19 MP: 5/5
   230 | D:1      | Learned a level 2 spell: Ensorcelled Hibernation
   237 | D:1      | Reached skill level 5 in Stealth
   815 | D:1      | Gained mutation: You are afflicted with vampirism and can
                  | become a bat while bloodless. [Vampire growth]
   815 | D:1      | Reached XP level 3. HP: 21/24 MP: 6/6
  1246 | D:2      | Reached skill level 6 in Stealth
  1934 | D:3      | Noticed a black bear
  1941 | D:3      | Killed a black bear
  1942 | D:3      | Reached skill level 7 in Stealth
  1942 | D:3      | Reached XP level 4. HP: 30/30 MP: 0/7
  1942 | D:3      | Reached XP level 5. HP: 35/35 MP: 0/8
  2069 | D:3      | Noticed Natasha
  2075 | D:3      | Killed Natasha
  2693 | D:3      | Reached skill level 8 in Stealth
  2693 | D:3      | Reached XP level 6. HP: 41/41 MP: 9/9
  2818 | D:3      | Found a runed translucent door.
  2819 | D:3      | Noticed Crazy Yiuf
  3041 | D:3      | Learned a level 3 spell: Confusing Touch
  3045 | D:3      | Killed Crazy Yiuf
  3046 | D:3      | Reached skill level 5 in Short Blades
  3196 | D:4      | Found an ornate altar of the Wu Jian Council.
  3247 | D:4      | Reached skill level 5 in Hexes
  3361 | D:4      | Noticed Eustachio
  3381 | D:4      | Killed Eustachio
  3382 | D:4      | Reached XP level 7. HP: 21/46 MP: 7/11
  3871 | D:4      | Identified the +7 flail of Nolo Contendere {flame, rF++}
  4180 | D:5      | Entered Level 5 of the Dungeon
  4321 | D:5      | Found Zipug's General Store.
  4355 | D:5      | Bought a scroll of fear for 52 gold pieces
  4401 | D:5      | Reached skill level 1 in Fighting
  4423 | D:5      | Reached XP level 8. HP: 55/55 MP: 11/14
  4486 | D:5      | Found a shimmering blue altar of Sif Muna.
  4917 | D:6      | Reached skill level 5 in Dodging
  5140 | D:6      | Found a stormy altar of Qazlal.
  5310 | D:6      | Found Rocwaapn's Distillery.
  5318 | D:6      | Bought a potion of heal wounds for 55 gold pieces
  5318 | D:6      | Bought a potion of heal wounds for 55 gold pieces
  5852 | D:7      | Noticed Maurice
  5858 | D:7      | Reached XP level 9. HP: 17/63 MP: 7/15
  5875 | D:7      | Maurice stole 81 gold
  5877 | D:7      | Maurice stole a ring of fire
  5883 | D:7      | Killed Maurice
  5884 | D:7      | Reached skill level 9 in Stealth
  6112 | D:7      | Reached skill level 10 in Stealth
  6179 | D:7      | Noticed Pikel
  6207 | D:7      | Found a staircase to the Ecumenical Temple.
  6216 | Temple   | Entered the Ecumenical Temple
  6225 | Temple   | Became a worshipper of Ru the Awakened
  6315 | D:6      | Killed Pikel
  6316 | D:6      | Reached skill level 11 in Stealth
  6875 | D:7      | Found Pimept's Assorted Antiques.
  6876 | D:7      | Found a hide-covered altar of Uskayaw.
  6884 | D:7      | Bought a scroll labelled QITTYSUCOA for 23 gold pieces
  6884 | D:7      | Bought a potion of heal wounds for 115 gold pieces
  6884 | D:7      | Bought a fuming white potion for 20 gold pieces
  7176 | D:7      | Found a hazy altar of Hepliaklqana.
  7593 | D:8      | Reached skill level 12 in Stealth
  7895 | D:8      | Fell from the grace of Ru
  8208 | D:8      | Reached XP level 10. HP: 59/70 MP: 11/16
  8893 | D:8      | Found a radiant altar of Vehumet.
  9121 | Temple   | Became a worshipper of Ru the Awakened
  9334 | D:9      | Reached skill level 5 in Spellcasting
  9374 | D:9      | Found a runed translucent gate.
  9374 | D:9      | Found a runed translucent gate.
  9374 | D:9      | Found a runed translucent gate.
  9375 | D:9      | Noticed Skimidon's ghost (novice VSFi)
  9389 | D:9      | Found a shimmering altar of Xom.
  9877 | D:9      | Reached skill level 5 in Fighting
  9898 | D:9      | Found a staircase to the Orcish Mines.
 10306 | D:10     | Entered Level 10 of the Dungeon
 10871 | D:10     | Reached skill level 13 in Stealth
 11039 | D:10     | Found a sparkling altar of Nemelex Xobeh.
 11386 | D:11     | Noticed a manticore
 11397 | D:11     | Slain by a manticore

Illustrated notes

Levels and vault maps discovered:
D:1:      dpeg_arrival_pits, layout_loops_ring, st_stairs_13
D:2:      layout_basic, basic_altar, minivault_23, grunt_decor_mini_mirrors,
          nicolae_wormholes
D:3:      layout_basic, minmay_door_square, uniq_natasha,
          uniq_crazy_yiuf_cottage
D:4:      layout_loops_ring, mainiacjoe_overflow_concentric_impassable,
          uniq_eustachio
D:5:      layout_rooms, mainiacjoe_overflow_cross_hatched, serial_shops, shop
D:6:      layout_basic, overflow_temple_1_default, nicolae_stop_n_shop_1
D:7:      layout_layer_cave, mainiacjoe_overflow_alcove_1,
          overflow_temple_1_default, lemuel_temple_firewalk_b, serial_shops,
          shop, uniq_maurice, uniq_pikel
D:8:      layout_layer_cave, mainiacjoe_overflow_alcove_2
D:9:      layout_roguey, kennysheep_mini_moat, general_overflow_altar,
          david_orc_1_choice, gammafunk_ghost_split
D:10:     layout_basic, nemelex_spade_bored_becter,
          hangedman_decor_clover_reticule, chequers_serial_rivers_micro_c
D:11:     layout_basic, david_lair_shrubbed
Temple:   dshaligram_water_room_temple

Skill      XL: |  1  2  3  4  5  6  7  8  9 10 |
---------------+-------------------------------+-----
Stealth        | 5 7 8 12 13 | 13.0
Short Blades   | 2 3 4 5 8 |  8.8
Hexes          | 6 8 |  8.0
Spellcasting   | 3 4 6 |  6.0
Fighting       | 1 3 6 |  6.0
Dodging        | 3 8 |  8.0

Action                     |  1- 3 |  4- 6 |  7- 9 | 10-12 || total
---------------------------+-------+-------+-------+-------++-------
  Melee: Dagger            |   144 |    37 |     2 |       ||   183
         Bite              |    15 |     1 |    10 |     8 ||    34
         Punch             |     1 |       |     2 |       ||     3
         Rapier            |       |       |   201 |   121 ||   322
   Cast: Ensorcelled Hiber |    23 |    22 |    82 |    51 ||   178
         Confusing Touch   |       |       |    11 |     1 ||    12
 Invoke: Renounce Religion |       |       |     1 |       ||     1
  Evoke: Wand              |     2 |     2 |    11 |     7 ||    22
    Use: Scroll            |       |       |    15 |     4 ||    19
         Potion            |       |       |     4 |       ||     4
   Stab: Sleeping          |    23 |    26 |    60 |    36 ||   145
         Confused          |       |       |     9 |     2 ||    11
         Invisible         |       |       |     3 |       ||     3
         Distracted        |       |       |     1 |     1 ||     2
 Armour: Robe              |    79 |    15 |   120 |    71 ||   285
  Dodge: Dodged            |   103 |    15 |   168 |    87 ||   373
